 Dungeon Crawl Stone Soup version 0.30.1-3-gfc49f6343a (webtiles) character file.

Game seed: 8897524997225011844

112 booth the Grave Robber (level 4, -13/32 HPs)
             Began as a Demonspawn Necromancer on Aug 6, 2023.
             Killed by divine providence
             ... invoked by an orc priest
              (15 damage)
             ... on level 3 of the Dungeon.
             The game lasted 00:11:45 (2250 turns).

booth the Grave Robber (Demonspawn Necromancer)     Turns: 2250, Time: 00:11:46

Health: -13/32     AC:  3    Str: 10    XL:     4   Next: 63%
Magic:  0/8        EV: 12    Int: 16    God:
Gold:   175        SH:  0    Dex: 14    Spells: 4/8 levels left

rFire   + . .        q - +1 short sword (drain)
rCold   + . .        (no shield)
rNeg    . . .        a - +0 robe
rPois   +            i - +0 helmet
rElec   +            (no cloak)
rCorr   +            (no gloves)
SInv    .            (no boots)
Will    .....        (no amulet)
Stlth   ++           (no ring)
HPRegen 0.25/turn    (no ring)
MPRegen 0.22/turn

%: no passive effects
@: resistant
A: magic regeneration, demonic magic 1, demonic touch 1
a: no special abilities


You were on level 3 of the Dungeon.
You visited 1 branch of the dungeon, and saw 3 of its levels.

You collected 175 gold pieces.

Inventory:

Hand Weapons
 c - a +0 dagger
 g - a +0 quarterstaff
 q - a +1 short sword of draining (weapon)
Missiles
 j - 2 javelins
Armour
 a - a +0 robe (worn)
 i - a +0 helmet (worn)
 m - a +0 leather armour
Scrolls
 d - a scroll of blinking {unknown}
 h - a scroll of poison {unknown}
 k - a scroll of identify {unknown}
 o - a scroll of torment {unknown}
 p - a scroll of teleportation
 r - a scroll of brand weapon {unknown}
Potions
 b - 2 potions of magic
 f - 2 potions of heal wounds {unknown}
 l - a potion of haste {unknown}
 n - a potion of flight {unknown}


   Skills:
 + Level 1.1 Fighting
 + Level 2.5 Dodging
 + Level 2.8 Stealth
 + Level 2.7 Spellcasting
 + Level 5.0 Necromancy


You had 4 spell levels left.
You knew the following spells:

 Your Spells              Type           Power      Damage    Failure   Level
a - Necrotise             Necr           72%        1d7       2%          1
b - Vampiric Draining     Necr           18%        2d7       8%          3

Your spell library contained the following spells:

 Spells                   Type           Power      Damage    Failure   Level
 Animate Dead             Necr           18%        N/A       24%         4
 Agony                    Necr           18%        N/A       56%         5


Dungeon Overview and Level Annotations

Branches:
Dungeon (3/15)

Altars:

Shops:
D:2 [!


Innate Abilities, Weirdness & Mutations

You regenerate magic rapidly.
Spells you cast may paralyse adjacent enemies.
Your touch may inflict minor irresistible damage on your foes.


Message History

Aim: an orc wizard, wielding a +0 dagger and wearing a +0 robe (almost dead, chance to affect: 75%)
The orc wizard struggles to resist.
Malevolent energies surge around you. The orc wizard closely misses you.
You hit the orc wizard but do no damage.
You touch the orc wizard.
You kill the orc wizard!
Your Necromancy skill increases to level 5!
You hit something but do no damage. Something hits you but does no damage.
The orc priest mumbles some strange prayers to Beogh against you.
Beogh smites you!
* * * LOW HITPOINT WARNING * * *
You hit something but do no damage. Your touch misses something.
Something hits you.
* * * LOW HITPOINT WARNING * * *
You hit something. Your touch misses something.
Something hits you but does no damage.
You closely miss something. Something hits you.
* * * LOW HITPOINT WARNING * * *
You hit something. Your touch misses something.
Something hits you but does no damage.
You hit something but do no damage. Something hits you.
* * * LOW HITPOINT WARNING * * *
The orc priest casts a cantrip, but nothing happens.
It was a potion of resistance.
You feel protected. Something hits you but does no damage.
Casting: Necrotise (safe; 2% risk of failure)
Confirm with . or Enter, or press ? or * to list all spells.
You can't see any susceptible monsters within range! (Use Z to cast anyway.)
Casting: Necrotise (safe; 2% risk of failure)
Confirm with . or Enter, or press ? or * to list all spells.
The spell is quite dangerous to miscast (8% risk of failure)!
Continue anyway?
Aiming: Vampiric Draining (quite dangerous; 8% risk of failure)
Press: ? - help, Shift-Dir - straight line You draw life force from something!
Reactivating autopickup.
You feel a bit more experienced. Malevolent energies surge around you.
The orc priest invokes the aid of Beogh against you.
Beogh smites you!
You die...

..P.♣ ..P♣♣ PP♣♣
######### ♣♣♣
#.......# +.......#
#.......#
#####...####
#####<##.PP..####.#
#.......P♣.P.)@)o.#
#...#...♣♣♣...###.#
###...#...♣ ♣..+#
......###.♣♣P....
......# ##..♣....#
......# ##...P.P#
...♣.♣# #.♣♣PP.
###♣.♣ #.♣♣♣♣P. .♣


You could see an orc priest.

Vanquished Creatures
  3 orc wizards (D:3)
  3 worms (D:2)
  A dart slug (D:2)
  An orc (D:3)
  3 bats
  4 endoplasms
  3 giant cockroaches
  6 goblins
  2 hobgoblins
  A jackal (D:2)
  5 kobolds
  A ball python (D:3)
  3 frilled lizards
  2 rats
38 creatures vanquished.

Vanquished Creatures (collateral kills)
  An adder (D:3)
  A jackal (D:2)
  A kobold (D:1)
3 creatures vanquished.

Grand Total: 41 creatures vanquished

Notes
Turn   | Place    | Note
-------+----------+-------------------------------------------
     0 | D:1      | booth the Demonspawn Necromancer began the quest for the
                  | Orb.
     0 | D:1      | Reached XP level 1. HP: 13/13 MP: 3/3
   346 | D:1      | You fall into a shaft and drop 1 floor!
   372 | D:2      | Found Eddej's Distillery.
   493 | D:2      | Found Ethybukit's Armour Boutique.
   648 | D:1      | Gained mutation: You regenerate magic rapidly. [demonic
                  | ancestry]
   648 | D:1      | Reached XP level 2. HP: 19/19 MP: 3/5
  1491 | D:2      | Discovered your monstrous ancestry.
  1491 | D:2      | Gained mutation: Your touch may inflict minor irresistible
                  | damage on your foes. [demonic ancestry]
  1491 | D:2      | Reached XP level 3. HP: 19/24 MP: 1/6
  1495 | D:2      | Learned a level 3 spell: Vampiric Draining
  2214 | D:3      | Gained mutation: Spells you cast may paralyse adjacent
                  | enemies. [demonic ancestry]
  2214 | D:3      | Reached XP level 4. HP: 31/31 MP: 3/7
  2223 | D:3      | Reached skill level 1 in Fighting
  2243 | D:3      | Reached skill level 5 in Necromancy
  2248 | D:3      | HP: 1/32 [something (2)]
  2250 | D:3      | Killed from afar by an orc priest

Illustrated notes

Levels and vault maps discovered:
D:1:      spicycebolla_green_bress_n_ham, layout_basic, nrook_mini_backslash
D:2:      layout_basic, serial_shops, nicolae_shop_rolling_square,
          nicolae_shop_real_fake_doors, hangedman_decor_clover_reticule
D:3:      layout_basic, serial_forest, infiniplex_forest_straight_2,
          infiniplex_forest_end_2, infiniplex_forest_straight_3,
          infiniplex_forest_lined_4_way, infiniplex_forest_end_3,
          infiniplex_forest_clump_double, infiniplex_forest_straight_2

Skill      XL: |  1  2  3  4 |
---------------+-------------+-----
Stealth        | 2 |  2.8
Dodging        | 2 |  2.5
Fighting       | 1 |  1.1
Necromancy     | 5 |  5.0
Spellcasting   | |  2.7

Action                     |  1- 3 |  4- 6 || total
---------------------------+-------+-------++-------
  Melee: Dagger            |    48 |       ||    48
         Unarmed           |     6 |       ||     6
         Short sword       |     7 |    13 ||    20
         Touch             |     6 |     2 ||     8
   Cast: Necrotise         |    55 |     5 ||    60
         Vampiric Draining |       |     2 ||     2
    Use: Scroll            |     2 |       ||     2
         Potion            |     1 |     1 ||     2
   Stab: Sleeping          |     2 |       ||     2
 Armour: Robe              |    10 |     6 ||    16
  Dodge: Dodged            |    32 |     4 ||    36
